 Dungeon Crawl Stone Soup version 0.28-a0-1199-gef9e1dbd39 (webtiles) character file.

Game seed: 15108538053208472973

53 karrick the Covered (level 3, -3/24 HPs)
             Began as a Gargoyle Fighter on Dec 20, 2021.
             Killed from afar by Sigmund (10 damage)
             ... with a magic dart
             ... on level 3 of the Dungeon.
             The game lasted 00:02:14 (2102 turns).

karrick the Covered (Gargoyle Fighter)              Turns: 2102, Time: 00:02:15

Health: -3/24      AC: 10    Str: 19    XL:     3   Next: 87%
Magic:  3/3        EV: 13    Int:  8    God:
Gold:   165        SH:  0    Dex: 11    Spells: 2/2 levels left

rFire   . . .      SeeInvis .   a - +0 flail
rCold   . . .      Faith    .   c - +0 buckler
rNeg    + . .      Spirit   .   b - +0 scale mail
rPois   ∞          Reflect  .   (no helmet)
rElec   +          Harm     .   (no cloak)
rCorr   .          Rampage  .   (no gloves)
Will    .....                   (no boots)
Stlth   ..........              (no amulet)
HPRegen 0.08/turn               g - +4 ring of evasion
MPRegen 0.08/turn               (no ring)

@: confused, mighty
A: sickness immunity, AC +3, negative energy resistance 1, electricity
resistance, torment resistance 1, petrification resistance
a: no special abilities


You were on level 3 of the Dungeon.
You visited 1 branch of the dungeon, and saw 3 of its levels.

You collected 165 gold pieces.

Inventory:

Hand Weapons
 a - a +0 flail (weapon)
Armour
 b - a +0 scale mail (worn)
 c - a +0 buckler (worn)
Jewellery
 e - a ring of ice
 g - a +4 ring of evasion (left hand)
Scrolls
 f - a scroll of blinking {unknown}
 h - a scroll of fear {unknown}
 l - a scroll of identify {unknown}
Potions
 i - a potion of invisibility {unknown}
 j - a potion of magic {unknown}
 k - a potion of brilliance {unknown}


   Skills:
 + Level 3.7 Fighting
 + Level 2.7 Maces & Flails
 + Level 3.9 Armour
 + Level 0.2 Dodging
 + Level 3.7 Shields


You had 2 spell levels left.
You didn't know any spells.
Your spell library was empty.

Dungeon Overview and Level Annotations

Branches:
Dungeon (3/15)

Altars:

Shops:
D:2 *

Annotations:
D:3 Sigmund


Innate Abilities, Weirdness & Mutations

You are immune to sickness and miasma.
Your stone body is resilient. (AC +3)
You are immune to poison.
You resist negative energy. (rN+)
You are resistant to electric shocks. (rElec)
You are resistant to unholy torment.
You are immune to petrification.


Message History

Found a stone staircase leading down.
You now have 165 gold pieces (gained 13).
Found a stone staircase leading down.
There is a stone staircase leading down here.
Sigmund the Dreaded comes into view.
He is wielding a +0 scythe.
Sigmund shouts!
You feel very mighty all of a sudden. Sigmund casts a spell at you.
You resist with significant effort.
You see here 5 gold pieces.
Sigmund barely misses you. Sigmund hits you with a +0 scythe.
You closely miss Sigmund. Sigmund hits you with a +0 scythe.
You closely miss Sigmund. Sigmund closely misses you.
You sock Sigmund!
Sigmund is heavily wounded.
You thump Sigmund!
Sigmund is almost dead.
Sigmund hits you with a +0 scythe.
You closely miss Sigmund.
Sigmund is almost dead.
Sigmund barely misses you.
You closely miss Sigmund.
Sigmund is almost dead.
Sigmund casts a spell at you.
You are confused.
You completely miss Sigmund.
Sigmund is almost dead.
Sigmund barely misses you.
You barely miss Sigmund.
Sigmund is almost dead.
Sigmund misses you.
You bump into the rock wall.
Sigmund casts a spell at you. The magic dart hits you.
* * * LOW HITPOINT WARNING * * *
You bump into the rock wall.
Sigmund casts a spell at you. The magic dart hits you!
You die...

##.............>.....#
#
...#...........####.#
# #.#.###.##.####
##.###
#...###.##.######...##
###.....##.........###
#...#############..###
#.#.# #.....
...#.##### #.###. ##.
#..@@.# #. #. #.
#####$# #. #. . #.# #.
#. .# ... #. #> .....
#. #. ....... .. #.
.#.....#. #.
#.#.....#.# #. .
###.### .


You could see Sigmund.

Vanquished Creatures
  3 dart slugs
  2 ball pythons
  7 bats
  3 endoplasms
  7 goblins
  A hobgoblin (D:1)
  10 kobolds
  4 quokkas
  2 frilled lizards
  4 rats
43 creatures vanquished.

Vanquished Creatures (others)
  11 plants (D:2)
11 creatures vanquished.

Grand Total: 54 creatures vanquished

Notes
Turn   | Place    | Note
-------+----------+-------------------------------------------
     0 | D:1      | karrick the Gargoyle Fighter began the quest for the Orb.
     0 | D:1      | Reached XP level 1. HP: 14/14 MP: 1/1
   107 | D:1      | Found a faded altar of an unknown god.
   171 | D:1      | Reached XP level 2. HP: 19/19 MP: 2/2
   781 | D:1      | Reached XP level 3. HP: 20/23 MP: 3/3
  1628 | D:2      | Found Ciypraron's Assorted Antiques.
  2084 | D:3      | Noticed Sigmund
  2102 | D:3      | Killed from afar by Sigmund

Illustrated notes

Levels and vault maps discovered:
D:1:      moated_graveyard_arrival, layout_loops_ring,
          hellmonk_ecumenical_altar_leap_of_faith, hex_tiny
D:2:      layout_loops_cross, serial_shops, nicolae_shop_overgrown_old_shop,
          lexackson_kobold_supper
D:3:      layout_loops_ring, mainiacjoe_overflow_chevrons, uniq_sigmund

Action                   || total
-------------------------++-------
Melee: Flail             ||   167
  Use: Potion            ||     1
Armor: Scale mail        ||    73
Dodge: Dodged            ||    87
Block: Buckler           ||    32

Table legend: (Time is in decaauts)
 A = Elapsed time spent in this place.
 B = Non-inter-level travel time spent in this place.
 C = Inter-level travel time spent in this place.
 D = Time resting spent in this place.
 E = Time spent auto-exploring this place.
 F = Levels seen in this place.
 G = Mean time per level.
                   A        B        C        D        E       F      G
               +--------+--------+--------+--------+--------+-----+--------+
         Total |   2150 |   2059 |     91 |      0 |   1666 |   3 |  716.7 |
       Dungeon |   2150 |   2059 |     91 |      0 |   1666 |   3 |  716.7 |
               +--------+--------+--------+--------+--------+-----+--------+

Top non-repeatable levels by time:
     D:1: 1115 daAuts
     D:2: 909 daAuts
     D:3: 124 daAuts
